 Dungeon Crawl Stone Soup version 0.18.1-6-gd335043 (webtiles) character file.

1213 Charly the Martial Artist (level 8, 37/37 HPs)
             Began as a Vine Stalker Transmuter on May 16, 2016.
             Quit the game on level 6 of the Dungeon.
             The game lasted 00:28:43 (2102 turns).

Charly the Martial Artist (Vine Stalker Transmuter) Turns: 2102, Time: 00:28:44

Health: 37/37      AC:  2    Str: 14    XL:     8   Next: 46%
Magic:  12/12      EV: 12    Int: 15    God:
Gold:   148        SH:  0    Dex: 14    Spells: 4 memorised, 0 levels left

rFire  . . .     SeeInvis .     e - staff of conjuration (curse)
rCold  . . .     Gourm    .     b - +0 robe
rNeg   . . .     Faith    .     (no shield)
rPois  .         Spirit   +     (no helmet)
rElec  .         Dismiss  .     (no cloak)
rCorr  .         Reflect  .     (no gloves)
SustAt +         Harm     .     (no boots)
MR     +....                    (no amulet)
Stlth  ++........               k - ring of stealth
                                j - ring of sustain attributes

@: somewhat resistant to hostile enchantments, unstealthy
A: fangs 3, regeneration 2, magic shield, antimagic bite, no device heal 3, rot
immunity
a: no special abilities


You were on level 6 of the Dungeon.
You were not hungry.

You visited 1 branch of the dungeon, and saw 8 of its levels.

You collected 148 gold pieces.

Inventory:

Missiles
 a - 70 arrows
 l - 7 poisoned needles
Armour
 b - a +0 robe (worn)
Magical Staves
 e - a cursed staff of conjuration (weapon)
 m - an uncursed staff of poison
Jewellery
 j - a ring of sustain attributes (left hand)
 k - a ring of stealth (right hand)
Wands
 n - a wand of acid (0/15)
 v - a wand of confusion (11/48)
Scrolls
 i - a scroll of recharging {unknown}
 q - a scroll of teleportation
 t - 2 scrolls of amnesia {unknown}
 u - a scroll of noise {unknown}
Potions
 f - a potion of brilliance
 g - a potion of flight
 h - 2 potions of agility
 o - a potion of curing
 r - a potion of lignification
 s - a potion of heal wounds
Books
 c - a book of Changes

   Spells                             Type                      Level
   a - Beastly Appendage              Transmutation                1
   b - Sticks to Snakes               Transmutation                2
   c - Spider Form                    Transmutation/Poison         3
   d - Ice Form                       Ice/Transmutation            4
   e - Blade Hands                    Transmutation                5
Comestibles
 d - 4 bread rations
 p - a meat ration


   Skills:
 - Level 0.8 Fighting
 - Level 1.5 Dodging
 + Level 8.2 Unarmed Combat
 - Level 2.1 Spellcasting
 + Level 6.6 Transmutations


You couldn't memorise any spells.
You knew the following spells:

 Your Spells              Type           Power        Failure   Level  Hunger
a - Beastly Appendage     Trmt           ###...       1%          1    #......
h - Blade Hands           Trmt           ###.......   41%         5    ######.
s - Sticks to Snakes      Trmt           ###.....     1%          2    ###....
S - Spider Form           Trmt/Pois      ##........   21%         3    ###....


Dungeon Overview and Level Annotations

Branches:
Dungeon (8/15)             Temple (0/1) D:6
   Lair: D:8-11

Altars:
Dithmenos
Nemelex Xobeh
Pakellas
Qazlal
Trog
Vehumet
Yredelemnul
Zin
The Shining One

Shops:
D:4 [}

Annotations:
D:2 Ijyb


Innate Abilities, Weirdness & Mutations

You have razor-sharp teeth.
You heal very quickly.
When hurt, damage is shared between your health and your magic reserves.
Your bite disrupts and absorbs the magic of your enemies.
Potions and wands cannot restore your health.
You are immune to rotting.


Message History

You feel invigorated.
The gnoll is severely wounded.
The gnoll hits you but does no damage.
You hit the gnoll. You punch the gnoll.
You kill the gnoll!
Things that are here:
a club; a gnoll corpse x2
Things that are here:
a spear; a gnoll corpse Magic restored.
You open the door.
There is an open door here.
HP restored.
Done exploring.
There is an open door here.
There is a stone staircase leading down here.
You climb downwards.
There is a stone staircase leading up here.
Found a staircase to the Ecumenical Temple.
Are you sure you want to abandon this character and quit the game? (Confirm with "yes".)

8>8 #.# #.# ########
#.# #......# #.#
#......# #.# #......#
#.######......#
###@............#
#...####........#
#.$.####.#......####
#...##...#####......
##......#########....
#.............)......
##.>......####.......
#...####.#..<.##..<.
###...#....####.....


There were no monsters in sight!

Vanquished Creatures
  Prince Ribbit (D:5)
  A sky beast (D:5)
  A black bear (D:6)
  An ice beast (D:7)
  An orc warrior (D:6)
  An ogre (D:6)
  A giant frog (D:6)
  A gnoll sergeant (D:5)
  A scorpion (D:5)
  An orc priest (D:6)
  3 hounds (D:7)
  2 iguanas
  A worker ant (D:6)
  A killer bee zombie (D:6)
  7 adders
  5 gnolls (D:5)
  A shadow imp (D:6)
  2 dart slugs
  8 orcs (D:6)
  5 bats
  A giant cockroach (D:3)
  A goblin (D:1)
  11 jackals
  3 kobolds
  2 quokkas
  A giant cockroach zombie (D:4)
  A giant gecko zombie (D:7)
  2 giant newts
  A quokka zombie (D:6)
  2 rats
70 creatures vanquished.

Notes
Turn   | Place    | Note
--------------------------------------------------------------
     0 | D:1      | Charly the Vine Stalker Transmuter began the quest for the Orb.
     0 | D:1      | Reached XP level 1. HP: 9/9 MP: 4/4
    11 | D:2      | Noticed Ijyb
   102 | D:1      | Reached XP level 2. HP: 14/14 MP: 6/6
   142 | D:1      | Learned a level 2 spell: Sticks to Snakes
   321 | D:2      | Reached XP level 3. HP: 17/17 MP: 7/7
   331 | D:3      | Learned a level 3 spell: Spider Form
   453 | D:5      | Entered Level 5 of the Dungeon
   494 | D:5      | Noticed Prince Ribbit
   520 | D:5      | Noticed a gnoll sergeant
   543 | D:5      | Reached skill level 4 in Unarmed Combat
   560 | D:6      | Found a glowing golden altar of the Shining One.
   560 | D:6      | Found a shadowy altar of Dithmenos.
   583 | D:7      | Noticed an ice beast
   607 | D:7      | Killed an ice beast
   607 | D:7      | Reached skill level 5 in Unarmed Combat
   607 | D:7      | Reached XP level 4. HP: 21/21 MP: 8/8
   607 | D:7      | Reached XP level 5. HP: 25/25 MP: 9/9
   665 | D:7      | Noticed a centaur
   741 | D:6      | Gained mutation: You heal very quickly. [Vine Stalker growth]
   741 | D:6      | Reached XP level 6. HP: 24/29 MP: 4/10
   780 | D:6      | Found a stormy altar of Qazlal.
   840 | D:6      | Reached skill level 6 in Unarmed Combat
   855 | D:6      | Noticed a black bear
   885 | D:5      | Found a sparkling altar of Nemelex Xobeh.
  1036 | D:5      | Killed Prince Ribbit
  1036 | D:5      | Reached XP level 7. HP: 2/32 MP: 1/11
  1044 | D:5      | Found a bloodstained altar of Trog.
  1100 | D:4      | Found Pymmev's Armour Boutique.
  1169 | D:5      | Reached skill level 7 in Unarmed Combat
  1169 | D:5      | Reached skill level 5 in Transmutations
  1235 | D:4      | Found a basalt altar of Yredelemnul.
  1271 | D:4      | Found Otiat's Gadget Shop.
  1358 | D:6      | Gained mutation: You have razor-sharp teeth. [Vine Stalker growth]
  1358 | D:6      | Reached XP level 8. HP: 37/37 MP: 6/12
  1404 | D:7      | Found a glowing silver altar of Zin.
  1482 | D:7      | Found an oddly glowing altar of Pakellas.
  1497 | D:7      | Learned a level 5 spell: Blade Hands
  1526 | D:7      | Found a radiant altar of Vehumet.
  1611 | D:6      | Reached skill level 8 in Unarmed Combat
  1983 | D:5      | HP: 1/37 [gnoll/spear (6)]
  2101 | D:6      | Found a staircase to the Ecumenical Temple.
  2102 | D:6      | Quit the game

Skill      XL: |  1  2  3  4  5  6  7  8 |
---------------+-------------------------+-----
Transmutations | 3 4 5 6 |  6.6
Unarmed Combat | 5 6 7 8 |  8.2
Fighting       | |  0.8
Dodging        | |  1.5
Spellcasting   | |  2.1

Action                   |  1- 3 |  4- 6 |  7- 9 || total
-------------------------+-------+-------+-------++-------
Melee: Unarmed           |    68 |    57 |    93 ||   218
       Bite              |     9 |     7 |     7 ||    23
       Punch             |     2 |     2 |     1 ||     5
       Staff             |       |       |     4 ||     4
 Cast: Sticks to Snakes  |     5 |     3 |     1 ||     9
       Spider Form       |     2 |     6 |    11 ||    19
 Abil: End Transformatio |       |     1 |       ||     1
Evoke: Wand              |     4 |     3 |     2 ||     9
  Use: Scroll            |     3 |     2 |     6 ||    11
       Potion            |       |       |     1 ||     1
 Stab: Sleeping          |     2 |       |     1 ||     3
  Eat: Pizza             |       |     1 |       ||     1
       Royal jelly       |       |       |     1 ||     1
       Meat ration       |       |       |     1 ||     1
Armor: Robe              |     5 |     1 |     1 ||     7
       Skin              |     1 |     3 |     2 ||     6
Dodge: Dodged            |    44 |    32 |    96 ||   172
